 Dungeon Crawl Stone Soup version 0.22.1-1-ga44c0e5 (webtiles) character file.

10293 Snotterybeak the Cleaver (level 11, -11/101 HPs)
             Began as a Minotaur Berserker on Nov 11, 2018.
             Was a High Priest of Trog.
             Mangled by a sun demon (18 damage)
             ... summoned by a kobold demonologist
             ... on level 12 of the Dungeon.
             The game lasted 01:04:43 (8792 turns).

Snotterybeak the Cleaver (Minotaur Berserker)       Turns: 8792, Time: 01:04:48

Health: -11/101    AC:  4    Str: 30    XL:     11   Next: 34%
Magic:  0/3        EV: 10    Int:  4    God:    Trog [*****.]
Gold:   417        SH: 17    Dex: 10    Spells: 10/10 levels left

rFire    + . .     SeeInvis .   R - +2 broad axe (antimagic)
rCold    . . .     Gourm    .   d - +0 large shield
rNeg     + . .     Faith    .   y - +3 ring mail {rF+}
rPois    .         Spirit   +   (helmet restricted)
rElec    .         Reflect  .   g - scarf {cloud immunity}
rCorr    .         Harm     .   x - +0 pair of gloves
MR       ++...                  S - +0 pair of boots
Stlth    ..........             u - amulet of guardian spirit
HPRegen  1.26/turn              C - ring of positive energy
MPRegen  0.08/turn              b - +5 ring of strength

@: corroded, starving, regenerating
A: retaliatory headbutt, horns 2
a: Berserk, Trog's Hand, Brothers in Arms, Renounce Religion


You were on level 12 of the Dungeon.
You worshipped Trog.
Trog was extremely pleased with you.
You were starving.

You visited 2 branches of the dungeon, and saw 13 of its levels.

You collected 517 gold pieces.
You spent 100 gold pieces at shops.

Inventory:

Hand Weapons
 p - a +2 whip of freezing
 D - a +2 dire flail of holy wrath
 F - a +3 trident of flaming
 G - a +0 morningstar of protection
 R - a +2 antimagic broad axe (weapon)
Missiles
 e - 4 tomahawks (quivered)
Armour
 d - a +0 large shield (worn)
 g - a scarf of cloud immunity (worn)
 x - a +0 pair of gloves (worn)
 y - a +3 ring mail of fire resistance (worn)
 B - a +0 plate armour
 P - the cursed +0 chain mail of Gehenna {Str+2 Int+3}
   (You took it off an orc on level 9 of the Dungeon)

   It affects your strength (+2).
   It affects your intelligence (+3).
   It has a curse placed upon it.
 S - a +0 pair of boots (worn)
Jewellery
 b - a +5 ring of strength (right hand)
 l - an uncursed ring of fire
 u - an amulet of guardian spirit (around neck)
 C - a ring of positive energy (left hand)
 O - a cursed amulet of regeneration
Wands
 a - a wand of polymorph (8)
 H - a wand of flame (40)
 I - a wand of scattershot (8)
 J - a wand of acid (5)
Scrolls
 f - 2 scrolls of remove curse
 j - 8 scrolls of teleportation
 k - 2 scrolls of enchant armour
 m - 2 scrolls of amnesia
 q - a scroll of fear
 r - 3 scrolls of magic mapping
 s - 9 scrolls of identify
 v - a scroll of enchant weapon
 E - a scroll of immolation
 K - a scroll of noise {unknown}
Potions
 h - a potion of curing
 i - a potion of mutation {unknown}
 n - 2 potions of flight
 o - a potion of haste {unknown}
 t - 4 potions of heal wounds
 w - 2 potions of agility {unknown}
 z - a potion of invisibility {unknown}
 A - a potion of magic {unknown}
Miscellaneous
 N - a phial of floods
Comestibles
 c - 24 rations


   Skills:
 - Level 10.9 Fighting
 * Level 14.9 Axes
 - Level 6.7 Armour
 - Level 6.1 Dodging
 - Level 6.1 Shields


You had 10 spell levels left.
You didn't know any spells.
Your spell library was empty.

Dungeon Overview and Level Annotations

Branches:
Dungeon (12/15)            Temple (1/1) D:4            Lair (0/6) D:8
    Orc: D:9-12

Altars:
Ashenzari
Cheibriados
Dithmenos
Elyvilon
Fedhas
Gozag
Hepliaklqana
Kikubaaqudgha
Makhleb
Nemelex Xobeh
Okawaru
Qazlal
Ru
Sif Muna
Trog
Uskayaw
Vehumet
Wu Jian
Xom
Yredelemnul
Zin
The Shining One

Shops:
D:6 !(*

Annotations:
D:12 Kirke


Innate Abilities, Weirdness & Mutations

You reflexively headbutt those who attack you in melee.
You have a pair of horns on your head.


Message History

* * * LOW HITPOINT WARNING * * *
You are engulfed in flames!
You resist.
* * * LOW HITPOINT WARNING * * *
The soul eater draws from the surrounding life force!
* * * LOW HITPOINT WARNING * * *
The soul eater is healed.
Okay, then.
As you read the scroll of fear, it crumbles to dust.
You assume a fearsome visage.
Kirke looks frightened!
The hog looks frightened!
The gargoyle is unaffected.
The soul eater is unaffected.
The sun demon is unaffected.
The gnoll sergeant looks frightened!
The manticore looks frightened!
The gnoll looks frightened!
The kobold demonologist looks frightened!
The rust devil is unaffected.
The shadow imp is unaffected.
You block the rust devil's attack.
Kirke casts a spell.
Kirke flickers and vanishes!
Deactivating autopickup; reactivate with Ctrl-A.
The sun demon hits you!!
You die...

###########
..........#
..........#
..........#
..........#
..........#
......†...#
......3@3.#
....?H.{4.#
#######K###
#g# #5g#
#h## #. #9
.K


You could see a soul eater, a sun demon, a manticore (fleeing), a rust devil, a
kobold demonologist (fleeing), a hog (fleeing), a gargoyle, a gnoll sergeant
(fleeing), a gnoll (fleeing) and a shadow imp.

Vanquished Creatures
  A hydra (D:11)
  3 two-headed ogres
  Pikel (D:6)
  Prince Ribbit (D:5)
  A merfolk (D:9)
  A hippogriff (D:9)
  Sigmund (D:3)
  7 yaks
  2 wyverns (D:9)
  4 vampire mosquitoes (D:9)
  Menkaure (D:4)
  3 wargs (D:8)
  Edmund (D:6)
  2 water moccasins
  2 ice beasts (D:9)
  2 sky beasts
  A necrophage (D:6)
  4 phantoms
  3 orc warriors
  An eye of draining (D:8)
  An ogre (D:11)
  2 centaurs
  A crocodile (D:9)
  3 bullfrogs
  2 scorpions
  10 wights (D:6)
  5 howler monkeys
  2 crimson imps
  8 hounds
  3 centaur skeletons
  A jelly (D:5)
  7 orc priests
  An iguana (D:9)
  5 orc wizards
  8 worker ants
  A killer bee zombie (D:10)
  A howler monkey zombie (D:5)
  Robin (D:3)
  2 gnolls (D:12)
  A howler monkey skeleton (D:9)
  11 adders
  3 shadow imps
  3 adder skeletons
  2 worms (D:2)
  7 leopard geckos
  27 orcs
  2 giant cockroaches
  17 goblins
  9 hobgoblins
  7 jackals
  6 quokkas
  3 ball pythons
  3 bats
  3 frilled lizards
  7 kobolds
  A leopard gecko zombie (D:7)
  4 rats
  A plant (Temple)
223 creatures vanquished.

Vanquished Creatures (others)
  2 slaves (D:6)
  A scorpion (D:6)
  A quasit (D:6)
4 creatures vanquished.

Grand Total: 227 creatures vanquished

Notes
Turn   | Place    | Note
-------+----------+-------------------------------------------
     0 | D:1      | Snotterybeak the Minotaur Berserker began the quest for the
                  | Orb.
     0 | D:1      | Reached XP level 1. HP: 19/19 MP: 0/0
   101 | D:1      | Reached skill level 4 in Axes
   282 | D:1      | Reached XP level 2. HP: 26/26 MP: 1/1
  1000 | D:2      | Reached skill level 5 in Axes
  1003 | D:2      | Reached XP level 3. HP: 28/31 MP: 2/2
  1771 | D:3      | Noticed Sigmund
  1779 | D:3      | Killed Sigmund
  1779 | D:3      | Reached ** piety under Trog
  1779 | D:3      | Reached skill level 7 in Axes
  1779 | D:3      | Reached XP level 4. HP: 39/39 MP: 3/3
  1779 | D:3      | Reached XP level 5. HP: 45/45 MP: 4/4
  1807 | D:3      | Noticed Robin
  1857 | D:3      | Killed Robin
  2193 | D:3      | Reached skill level 8 in Axes
  2308 | D:3      | Found a faded altar of an unknown god.
  2522 | D:3      | Reached XP level 6. HP: 51/51 MP: 5/5
  2670 | D:4      | Found a staircase to the Ecumenical Temple.
  2677 | Temple   | Entered the Ecumenical Temple
  3097 | D:4      | Reached skill level 9 in Axes
  3116 | D:4      | Noticed Menkaure
  3125 | D:4      | Killed Menkaure
  3125 | D:4      | Reached XP level 7. HP: 57/57 MP: 4/6
  3414 | D:4      | Reached *** piety under Trog
  3431 | D:4      | Reached skill level 10 in Axes
  3723 | D:5      | Entered Level 5 of the Dungeon
  3825 | D:5      | Noticed Prince Ribbit
  4102 | D:5      | Killed Prince Ribbit
  4102 | D:5      | Reached skill level 11 in Axes
  4317 | D:5      | Reached XP level 8. HP: 61/64 MP: 7/7
  4768 | D:5      | Reached skill level 12 in Axes
  4877 | D:6      | Noticed Pikel
  4879 | D:6      | Found Vuanun's Book Boutique.
  4898 | D:6      | Killed Pikel
  4898 | D:6      | Reached skill level 13 in Axes
  5032 | D:6      | Reached XP level 9. HP: 45/70 MP: 6/8
  5059 | D:6      | Found Coosych's Weapon Shoppe.
  5225 | D:6      | Noticed Edmund
  5231 | D:6      | Killed Edmund
  5236 | D:6      | Reached skill level 5 in Fighting
  5349 | D:6      | Found Jaumycee's Distillery.
  5392 | D:6      | Bought a potion of heal wounds for 50 gold pieces
  5392 | D:6      | Bought a potion of heal wounds for 50 gold pieces
  5429 | D:6      | Noticed a two-headed ogre
  5435 | D:6      | Killed a two-headed ogre
  5876 | D:6      | Found Houcuafa's Assorted Antiques.
  6041 | D:7      | Reached **** piety under Trog
  6041 | D:7      | Reached skill level 1 in Shields
  6290 | D:7      | Noticed a two-headed ogre
  6303 | D:7      | Killed a two-headed ogre
  6303 | D:7      | Reached XP level 10. HP: 92/92 MP: 6/9
  6804 | D:8      | Reached skill level 10 in Fighting
  6815 | D:8      | Found a staircase to the Lair.
  7084 | D:9      | Reached skill level 5 in Armour
  7166 | D:9      | Reached ***** piety under Trog
  7177 | D:9      | Reached skill level 5 in Dodging
  7483 | D:9      | Reached skill level 5 in Shields
  7818 | D:9      | Got a jewelled chain mail
  7913 | D:9      | Found an iron altar of Okawaru.
  8020 | D:9      | Reached XP level 11. HP: 72/101 MP: 8/10
  8111 | D:10     | Entered Level 10 of the Dungeon
  8219 | D:10     | Noticed a two-headed ogre
  8225 | D:10     | Killed a two-headed ogre
  8234 | D:10     | Received a gift from Trog
  8287 | D:10     | Identified the cursed +0 chain mail of Gehenna {Str+2
                  | Int+3} (You took it off an orc on level 9 of the Dungeon)
  8475 | D:10     | Reached skill level 14 in Axes
  8735 | D:11     | Noticed a four-headed hydra
  8748 | D:11     | Killed an eight-headed hydra
  8775 | D:11     | Noticed a sun demon
  8776 | D:12     | Noticed Kirke
  8785 | D:12     | Noticed a sun demon
  8786 | D:12     | Noticed a soul eater
  8791 | D:12     | HP: 5/101 [soul eater/drain life[a kobold demonologist]
                  | (2)]
  8792 | D:12     | Mangled by a sun demon

Skill      XL: |  1  2  3  4  5  6  7  8  9 10 11 |
---------------+----------------------------------+-----
Axes           | 4 5 7 8 9 11 13 14 | 14.9
Fighting       | 9 10 | 10.9
Shields        | 2 5 6 |  6.1
Armour         | 4 6 |  6.7
Dodging        | 3 5 6 |  6.1

Action                   |  1- 3 |  4- 6 |  7- 9 | 10-12 || total
-------------------------+-------+-------+-------+-------++-------
Melee: Hand axe          |    93 |   137 |   149 |       ||   379
       Headbutt          |    10 |    21 |    55 |    64 ||   150
       Trident           |       |       |    93 |   205 ||   298
       Broad axe         |       |       |       |    39 ||    39
Throw: Tomahawk          |       |       |     3 |     1 ||     4
Invok: Berserk           |     1 |     1 |     5 |     4 ||    11
       Trog's Hand       |       |       |       |     1 ||     1
  Use: Scroll            |       |       |    10 |     6 ||    16
       Potion            |       |       |     1 |     2 ||     3
  Eat: Chunk             |     2 |     6 |    15 |    11 ||    34
Armor: Animal skin       |     7 |       |       |       ||     7
       Scale mail        |    22 |       |       |       ||    22
       Chain mail        |    16 |    51 |    34 |       ||   101
       Ring mail         |       |       |    37 |    76 ||   113
Dodge: Dodged            |    15 |    15 |    28 |    84 ||   142
Block: Large shield      |    68 |    76 |   137 |   235 ||   516
